 Dungeon Crawl Stone Soup version 0.30-a0-585-g93115170b9 (webtiles) character file.

Game seed: 12459834406022332023

1012 wormed the Ducker (level 8, -2/67 HPs)
             Began as a Gnoll Monk on Jan 2, 2023.
             Succumbed to a killer bee's poison
             ... on level 6 of the Dungeon.
             The game lasted 00:06:51 (4244 turns).

wormed the Ducker (Gnoll Monk)                      Turns: 4244, Time: 00:06:52

Health: -2/67      AC:  8    Str:  8 (10) XL:     8   Next: 21%
Magic:  12/12      EV: 12    Int:  8 (9)  God:
Gold:   221        SH:  0    Dex: 15 (18) Spells: 13/13 levels left

rFire   . . .      SeeInvis .    a - +0 falchion (freeze)
rCold   . . .      Faith    .    (no shield)
rNeg    . . .      Spirit   .    k - +0 ring mail {Will+}
rPois   .          Reflect  .    (no helmet)
rElec   .          Harm     .    s - +2 cloak
rCorr   .          Rampage  .    (no gloves)
Will    ++...                    (no boots)
Stlth   ++                       l - amulet of magic regeneration
HPRegen 0.31/turn                m - ring of willpower
MPRegen 0.53/turn                (no ring)

@: lethally poisoned (-2 -> -25), hasted, very quick
A: fangs 1, strong nose, distributed training
a: no special abilities


You were on level 6 of the Dungeon.
You visited 1 branch of the dungeon, and saw 7 of its levels.
You also visited: Ossuary.

You collected 221 gold pieces.

Inventory:

Hand Weapons
 a - a +0 falchion of freezing (weapon)
Armour
 b - a +0 robe
 k - a +0 ring mail of willpower (worn)
 s - a +2 cloak (worn)
Jewellery
 l - an amulet of magic regeneration (around neck)
 m - a ring of willpower (left hand)
 y - a +6 ring of dexterity
Wands
 w - a wand of flame (9)
 x - a wand of acid (3)
Scrolls
 c - a scroll of butterflies {unknown}
 f - 2 scrolls of teleportation
 h - 2 scrolls of torment
 q - a scroll of immolation
 t - 2 scrolls of silence
 u - a scroll of amnesia
 v - 2 scrolls of magic mapping
Potions
 e - a potion of haste
 g - 2 potions of degeneration
 j - 3 potions of curing {unknown}
 o - 3 potions of magic {unknown}
 r - a potion of resistance {unknown}


   Skills:
 + Level 7.3 Fighting
 + Level 3.2 Short Blades
 + Level 7.3 Long Blades
 + Level 3.2 Axes
 + Level 3.2 Maces & Flails
 + Level 3.2 Polearms
 + Level 3.2 Staves
 + Level 3.2 Ranged Weapons
 + Level 3.2 Throwing
 + Level 3.2 Armour
 + Level 7.3 Dodging
 + Level 5.3 Stealth
 + Level 3.2 Shields
 + Level 3.2 Unarmed Combat
 + Level 3.2 Spellcasting
 + Level 2.6 Conjurations
 + Level 2.6 Hexes
 + Level 2.6 Summonings
 + Level 2.6 Necromancy
 + Level 2.6 Translocations
 + Level 2.6 Transmutations
 + Level 2.6 Fire Magic
 + Level 2.6 Ice Magic
 + Level 2.6 Air Magic
 + Level 2.6 Earth Magic
 + Level 2.6 Poison Magic
 + Level 3.5 Invocations
 + Level 3.2 Evocations


You had 13 spell levels left.
You didn't know any spells.
Your spell library contained the following spells:

 Spells                   Type           Power      Damage    Failure   Level
 Apportation              Tloc           10%        N/A       32%         1
 Ozocubu's Armour         Ice            5%         N/A       67%         3
 Summon Guardian Golem    Hex/Summ       5%         N/A       67%         3
 Alistair's Intoxication  Tmut/Pois      3%         N/A       100%        5
 Orb of Destruction       Conj           2%         9d5       100%        7
 Ozocubu's Refrigeration  Ice            2%         4d8       100%        7
 Spellforged Servitor     Conj/Summ      2%         N/A       100%        7


Dungeon Overview and Level Annotations

Branches:
Dungeon (7/15)            Ossuary (visited)
 Temple: D:4-7

Altars:
Dithmenos
Kikubaaqudgha
Uskayaw
The Shining One

Shops:
D:1 (

Annotations:
D:4 Dowan, Duvessa
D:5 Sigmund
D:6 Blork the orc, Eustachio, Maggie


Innate Abilities, Weirdness & Mutations

You have very sharp teeth.
Your uncanny sense of smell can sniff out nearby items.
Your experience applies equally to all skills.


Message History

You feel very sick.
The killer bee stings you. x2; The killer bee misses you.
The killer bee closely misses you.
As you read the scroll of fog, it crumbles to dust.
The scroll dissolves into smoke.
You feel very sick. The killer bee misses you.
The killer bee stings you but does no damage.
The killer bee stings you. The killer bee barely misses you.
The killer bee closely misses you. The killer bee misses you.
The killer bee closely misses you.
The killer bee stings you but does no damage.
As you read the scroll of teleportation, it crumbles to dust.
You feel strangely unstable.
You feel very sick. The killer bee misses you.
The killer bee closely misses you. The killer bee stings you.
* * * LOW HITPOINT WARNING * * *
You are lethally poisoned!
The killer bee poisons you!
The killer bee stings you but does no damage.
The killer bee barely misses you. x2; The killer bee closely misses you. x2
It was a potion of degeneration.
There was something very wrong with that liquid.
You feel weakened.
You feel dopey.
You feel clumsy.
* * * LOW HITPOINT WARNING * * *
You feel very sick. The killer bee closely misses you.
The killer bee misses you. x2
The killer bee stings you.
* * * LOW HITPOINT WARNING * * *
The killer bee barely misses you. The killer bee closely misses you.
The killer bee stings you.
* * * LOW HITPOINT WARNING * * *
You are more poisoned.
The killer bee poisons you! The killer bee closely misses you.
It was a potion of haste.
You feel yourself speed up.
Your surroundings suddenly seem different.
A gnoll bouda and a gnoll come into view.
Found a warped trident.
You die...

*** *,,,,,,,** *
*.#######..,,,,,,****
**.......g,,,,,,,,,,,
*....g.),,,,,,,,,,,,
**.....,,,,,,,,,,,,,
*....,,,,,,,,,,,***
*#..**,,,,,,,,,,*
#.##*,,,,,,,,,,*
#@.#**,,,,,,,,,***
##.#*********,,,,,
*..# **,~~~ *#.#
*,~~~ *.#** *,~~~
***...#* #.~~~
***,,,...#* #....
*,,,,,....######.~~≈
****,,,..........~~≈


You could see a gnoll bouda (asleep) and a gnoll (asleep).

Vanquished Creatures
  An ogre (D:6)
  An elf zombie (Ossuary)
  3 scorpions
  2 centaur zombies (Ossuary)
  3 human zombies (Ossuary)
  4 orc priests
  2 hounds (D:5)
  An iguana (D:5)
  An orc wizard (D:5)
  A hound zombie (Ossuary)
  4 mummies
  9 adders
  A white imp (D:6)
  2 adder zombies (Ossuary)
  A worm (D:2)
  2 dart slugs
  14 orcs
  8 ball pythons
  3 endoplasms
  2 giant cockroaches
  7 goblins
  13 hobgoblins
  5 jackals (D:2)
  5 quokkas
  9 bats
  4 frilled lizards
  2 gnoll zombies (Ossuary)
  4 goblin zombies (Ossuary)
  2 hobgoblin zombies (Ossuary)
  2 jackal zombies (Ossuary)
  11 kobolds
  7 kobold zombies (Ossuary)
  4 quokka zombies (Ossuary)
  4 rats
  2 rat zombies (Ossuary)
146 creatures vanquished.

Vanquished Creatures (others)
  2 orcs (D:5)
2 creatures vanquished.

Grand Total: 148 creatures vanquished

Notes
Turn   | Place    | Note
-------+----------+-------------------------------------------
     0 | D:1      | wormed the Gnoll Monk began the quest for the Orb.
     0 | D:1      | Reached XP level 1. HP: 23/23 MP: 1/1
    99 | D:1      | Found Zoykipt's Antique Weapon Emporium.
   136 | D:1      | Reached XP level 2. HP: 29/29 MP: 2/2
   359 | D:1      | Reached XP level 3. HP: 35/35 MP: 3/3
   685 | D:2      | Reached skill level 1 in Invocations
   779 | D:2      | Found a faded altar of an unknown god.
   792 | D:2      | Reached skill level 1 in Short Blades
   792 | D:2      | Reached skill level 1 in Axes
   792 | D:2      | Reached skill level 1 in Maces & Flails
   792 | D:2      | Reached skill level 1 in Polearms
   792 | D:2      | Reached skill level 1 in Staves
   792 | D:2      | Reached skill level 1 in Ranged Weapons
   792 | D:2      | Reached skill level 1 in Throwing
   792 | D:2      | Reached skill level 1 in Armour
   792 | D:2      | Reached skill level 1 in Shields
   792 | D:2      | Reached skill level 1 in Unarmed Combat
   792 | D:2      | Reached skill level 1 in Spellcasting
   792 | D:2      | Reached skill level 1 in Evocations
   914 | D:2      | Reached XP level 4. HP: 38/41 MP: 5/5
  1021 | D:2      | Found a shadowy altar of Dithmenos.
  1044 | D:2      | Reached skill level 1 in Conjurations
  1044 | D:2      | Reached skill level 1 in Hexes
  1044 | D:2      | Reached skill level 1 in Summonings
  1044 | D:2      | Reached skill level 1 in Necromancy
  1044 | D:2      | Reached skill level 1 in Translocations
  1044 | D:2      | Reached skill level 1 in Transmutations
  1044 | D:2      | Reached skill level 1 in Fire Magic
  1044 | D:2      | Reached skill level 1 in Ice Magic
  1044 | D:2      | Reached skill level 1 in Air Magic
  1044 | D:2      | Reached skill level 1 in Earth Magic
  1044 | D:2      | Reached skill level 1 in Poison Magic
  1495 | D:3      | Reached XP level 5. HP: 45/47 MP: 5/7
  1584 | D:3      | Found a glowing golden altar of the Shining One.
  1584 | D:3      | Found a hide-covered altar of Uskayaw.
  1585 | D:3      | Found an ancient bone altar of Kikubaaqudgha.
  2226 | D:4      | Found a sand-covered staircase.
  2235 | Ossuary  | Entered an ossuary
  2311 | Ossuary  | Reached XP level 6. HP: 52/53 MP: 8/8
  2596 | Ossuary  | Reached XP level 7. HP: 43/60 MP: 10/10
  2946 | D:4      | Reached skill level 5 in Stealth
  3146 | D:4      | Noticed Dowan
  3148 | D:4      | Noticed Duvessa
  3164 | D:5      | Entered Level 5 of the Dungeon
  3551 | D:5      | Reached XP level 8. HP: 54/67 MP: 12/12
  3737 | D:5      | Noticed Sigmund
  4003 | D:6      | Noticed Blork the orc
  4142 | D:6      | Noticed Maggie
  4202 | D:6      | Noticed Eustachio
  4243 | D:6      | HP: 2/67 [killer bee (2)]
  4244 | D:6      | Succumbed to a killer bee's poison

Illustrated notes

Levels and vault maps discovered:
D:1:      ncdulo_wetmaze, layout_basic, serial_shops, nicolae_shop_behind_doors
D:2:      layout_loops_ring, ebering_ecumenical_altar_hall, basic_altar
D:3:      layout_basic, nicolae_overflow_hidden_temple, grunt_ministairs_5,
          minmay_misc_feat_rugged
D:4:      minmay_goblin_kobold_castle, layout_gridville,
          gup_ossuary_entry_pyramid, uniq_duvessa
D:5:      layout_gridville, lemuel_flamethrower_2, uniq_pikel, uniq_sigmund
D:6:      layout_cave_pods, minmay_shop_mass, minivault_14, chequers_avenue,
          minmay_misc_feat_encased, uniq_maggie, uniq_eustachio,
          uniq_blork_the_orc
D:7:      kennysheep_housing_project, layout_gridville,
          minmay_temple_entry_waves, uniq_prince_ribbit1

Skill      XL: |  1  2  3  4  5  6  7 |
---------------+----------------------+-----
Invocations    | 1 2 3 |  3.5
Short Blades   | 1 2 3 |  3.2
Axes           | 1 2 3 |  3.2
Maces & Flails | 1 2 3 |  3.2
Polearms       | 1 2 3 |  3.2
Staves         | 1 2 3 |  3.2
Ranged Weapons | 1 2 3 |  3.2
Throwing       | 1 2 3 |  3.2
Armour         | 1 2 3 |  3.2
Shields        | 1 2 3 |  3.2
Unarmed Combat | 1 2 3 |  3.2
Spellcasting   | 1 2 3 |  3.2
Evocations     | 1 2 3 |  3.2
Conjurations   | 1 2 |  2.6
Hexes          | 1 2 |  2.6
Summonings     | 1 2 |  2.6
Necromancy     | 1 2 |  2.6
Translocations | 1 2 |  2.6
Transmutations | 1 2 |  2.6
Fire Magic     | 1 2 |  2.6
Ice Magic      | 1 2 |  2.6
Air Magic      | 1 2 |  2.6
Earth Magic    | 1 2 |  2.6
Poison Magic   | 1 2 |  2.6
Fighting       | 7 |  7.3
Long Blades    | 7 |  7.3
Dodging        | 7 |  7.3
Stealth        | 5 |  5.3

Action                   |  1- 3 |  4- 6 |  7- 9 || total
-------------------------+-------+-------+-------++-------
Melee: Falchion          |    95 |   265 |   169 ||   529
       Bite              |     9 |    28 |    27 ||    64
       Punch             |     1 |     6 |     5 ||    12
  Use: Potion            |       |     1 |     3 ||     4
       Scroll            |       |       |    15 ||    15
 Stab: Sleeping          |    16 |     7 |     2 ||    25
       Distracted        |       |     1 |     1 ||     2
Armor: Robe              |    11 |       |       ||    11
       Ring mail         |     6 |   107 |    52 ||   165
Dodge: Dodged            |    69 |   206 |   136 ||   411

Table legend: (Time is in decaauts)
 A = Elapsed time spent in this place.
 B = Non-inter-level travel time spent in this place.
 C = Inter-level travel time spent in this place.
 D = Time resting spent in this place.
 E = Time spent auto-exploring this place.
 F = Levels seen in this place.
 G = Mean time per level.
                   A        B        C        D        E       F      G
               +--------+--------+--------+--------+--------+-----+--------+
         Total |   4225 |   4153 |     72 |    286 |   2664 |   8 |  528.1 |
       Dungeon |   3704 |   3632 |     72 |    286 |   2374 |   7 |  529.1 |
       Ossuary |    521 |    521 |      0 |      0 |    290 |   1 |  521.0 |
               +--------+--------+--------+--------+--------+-----+--------+

Top non-repeatable levels by time:
     D:3: 754 daAuts
     D:2: 679 daAuts
     D:4: 616 daAuts
     D:1: 579 daAuts
     D:5: 575 daAuts
 Ossuary: 521 daAuts
     D:6: 488 daAuts
     D:7: 9 daAuts
